 Dungeon Crawl Stone Soup version 0.29-a0-40-g8eb35efe60 (webtiles) character file.

Game seed: 6982914019907960536

27 horus123 the Magician (level 2, 0/15 HPs)
             Began as a Deep Elf Hedge Wizard on Feb 1, 2022.
             Slain by a jackal (3 damage)
             ... on level 2 of the Dungeon.
             The game lasted 00:01:55 (1263 turns).

horus123 the Magician (Deep Elf Hedge Wizard)       Turns: 1263, Time: 00:01:55

Health: 0/15       AC:  2    Str:  7    XL:     2   Next: 93%
Magic:  0/10       EV: 12    Int: 18    God:
Gold:   33         SH:  0    Dex: 14    Spells: 9/11 levels left

rFire   . . .      SeeInvis .   a - +0 dagger (vorpal)
rCold   . . .      Faith    .   (no shield)
rNeg    . . .      Spirit   .   b - +0 robe
rPois   .          Reflect  .   c - +0 hat
rElec   .          Harm     .   (no cloak)
rCorr   .          Rampage  .   (no gloves)
Will    .....                   (no boots)
Stlth   ++........              (no amulet)
HPRegen 0.05/turn               (no ring)
MPRegen 0.12/turn               (no ring)

@: no status effects
A: no striking features
a: no special abilities


You were on level 2 of the Dungeon.
You visited 1 branch of the dungeon, and saw 2 of its levels.

You collected 33 gold pieces.

Inventory:

Hand Weapons
 a - a +0 vorpal dagger (weapon)
Armour
 b - a +0 robe (worn)
 c - a +0 hat (worn)
Jewellery
 g - an amulet of guardian spirit
Potions
 e - a potion of heal wounds


   Skills:
 - Level 2.4 Dodging
 - Level 2.4 Stealth
 - Level 5.0 Spellcasting
 + Level 2.6 Conjurations
 - Level 1.1 Summonings
 - Level 1.1 Translocations


You had 9 spell levels left.
You knew the following spells:

 Your Spells              Type           Power      Damage    Failure   Level
a - Magic Dart            Conj           52%        1d5       4%          1
b - Slow                  Hex            16%        N/A       13%         1

Your spell library contained the following spells:

 Spells                   Type           Power      Damage    Failure   Level
 Blink                    Tloc           16%        N/A       13%         2
 Call Imp                 Summ           8%         N/A       13%         2
 Conjure Flame            Conj/Fire      9%         6-21      24%         3
 Mephitic Cloud           Conj/Pois/Air  7%         N/A       28%         3


Dungeon Overview and Level Annotations

Branches:
Dungeon (2/15)

Altars:


Message History

You miscast Magic Dart.
You are very lightly contaminated with residual magic.
Nothing appears to happen.
The jackal barks!
The jackal bites you but does no damage.
The magic dart hits the jackal.
The jackal is moderately wounded.
The jackal bites you. The jackal misses you.
The magic dart hits the jackal.
The jackal is heavily wounded.
The jackal bites you.
You are too depleted to draw on your mana recklessly!
A goblin comes into view. It is wielding a +0 dagger.
The jackal bites you.
Found 2 scrolls labelled DYNES NEUSAO.
Found an escape hatch in the ceiling.
A kobold comes into view.
It is wielding a +1 short sword of speed.
The kobold shouts!
Your magical contamination has completely faded away.
The jackal bites you. The jackal barely misses you.
The kobold barely misses you. The jackal bites you.
* * * LOW HITPOINT WARNING * * *
The jackal bites you but does no damage.
Aiming: Magic Dart (safe; 4% risk of failure)
Press: ? - help, Q - select action, (/) - cycle Shift-Dir - straight line, f/p - jackal
Aim: a jackal (moderately wounded, 100% to hit)
The magic dart hits the jackal.
The jackal is severely wounded.
The jackal closely misses you.
Aiming: Magic Dart (safe; 4% risk of failure)
Press: ? - help, Q - select action, (/) - cycle Shift-Dir - straight line, f/p - jackal
Aim: a jackal (heavily wounded, 100% to hit)
The magic dart hits the jackal but does no damage.
The jackal is heavily wounded.
The jackal barely misses you. The jackal bites you.
* * * LOW HITPOINT WARNING * * *
You hit the jackal but do no damage.
The jackal is heavily wounded.
The jackal bites you.
You die...

#.##.# #S##.#
#.##?#
#S##.######.
#...........
####S###### #.#
#############.#
.......@hhKS..#
############..#
#..# #.<# ...#
#.## #.# #.#


You could see an adder, 2 jackals and a kobold.

Vanquished Creatures
  An adder (D:2)
  A ball python (D:1)
  4 bats (D:1)
  A goblin (D:1)
  2 hobgoblins (D:1)
  A jackal (D:2)
  3 quokkas (D:1)
  2 kobolds (D:1)
  3 rats (D:1)
18 creatures vanquished.

Notes
Turn   | Place    | Note
-------+----------+-------------------------------------------
     0 | D:1      | horus123 the Deep Elf Hedge Wizard began the quest for the
                  | Orb.
     0 | D:1      | Reached XP level 1. HP: 10/10 MP: 7/7
   115 | D:1      | Found a faded altar of an unknown god.
   299 | D:1      | Reached skill level 5 in Spellcasting
   436 | D:1      | Reached XP level 2. HP: 15/15 MP: 7/10
   517 | D:1      | Learned a level 1 spell: Slow
  1263 | D:2      | Slain by a jackal

Illustrated notes

Levels and vault maps discovered:
D:1:      matt_arrival_grand_opening, layout_basic,
          chequers_ecumenical_altar_simple
D:2:      layout_loops_ring, minmay_goblin_outpost

Skill      XL: |  1  2 |
---------------+-------+-----
Spellcasting   | 5 |  5.0
Conjurations   | 2 |  2.6
Dodging        | |  2.4
Stealth        | |  2.4
Summonings     | |  1.1
Translocations | |  1.1

Action                   || total
-------------------------++-------
Melee: Dagger            ||     1
 Cast: Magic Dart        ||    50
  Use: Scroll            ||     3
Armor: Robe              ||     4
Dodge: Dodged            ||     9

Table legend: (Time is in decaauts)
 A = Elapsed time spent in this place.
 B = Non-inter-level travel time spent in this place.
 C = Inter-level travel time spent in this place.
 D = Time resting spent in this place.
 E = Time spent auto-exploring this place.
 F = Levels seen in this place.
 G = Mean time per level.
                   A        B        C        D        E       F      G
               +--------+--------+--------+--------+--------+-----+--------+
         Total |   1262 |   1238 |     24 |      0 |   1114 |   2 |  631.0 |
       Dungeon |   1262 |   1238 |     24 |      0 |   1114 |   2 |  631.0 |
               +--------+--------+--------+--------+--------+-----+--------+

Top non-repeatable levels by time:
     D:1: 1232 daAuts
     D:2: 30 daAuts
